 Dungeon Crawl Stone Soup version 0.31-a0-355-g57cb03d3e8 (webtiles) character file.

Game seed: 7015205916575747215

34129 bobarctor the Brawler (level 13, -2/132 HPs)
             Began as a Troll Berserker on July 24, 2023.
             Was a High Priest of Trog.
             Slain by a ten-headed hydra (3 damage)
             ... on level 2 of the Lair of Beasts.
             The game lasted 01:02:26 (11589 turns).

bobarctor the Brawler (Troll Berserker)            Turns: 11589, Time: 01:02:28

Health: -2/132     AC:  5    Str: 34    XL:     13   Next: 40%
Magic:  12/12      EV: 14    Int:  3    God:    Trog [*****.]
Gold:   926        SH:  0    Dex: 15    Spells: 12/12 levels left

rFire   . .          .
                       - Unarmed
rCold   . . .        (no shield)
rNeg    + . .        f - +1 robe of Vines {NoPotionHeal Regen++++}
rPois   .            (helmet currently unavailable)
rElec   .            J - melded +2 cloak
rCorr   .            (gloves unavailable)
SInv    .            (boots unavailable)
Will    ++...        v - amulet of the acrobat
Stlth   ++           r - ring of positive energy
HPRegen 5.42/turn    g - ring of Cuxoix {Str+6 Dex+2 Stlth+}
MPRegen 0.13/turn

%: acrobat
@: beast-form, strong-willed, regenerating
A: beast (slay +6), large, unfitting armour, claws 3, regeneration 1, shaggy fur
1, tough skin 1, horns 1, talons 1, robust 1
a: Begin Untransformation, Renounce Religion, Berserk, Trog's Hand, Brothers in
Arms


You were on level 2 of the Lair of Beasts.
You worshipped Trog.
Trog was extremely pleased with you.
You were a hulking beast.
You visited 3 branches of the dungeon, and saw 15 of its levels.
You also visited: Ossuary.

You collected 962 gold pieces.
You spent 36 gold pieces at shops.

Inventory:

Hand Weapons
 I - the +8 mace of War {heavy, Str+5}
   (You took it off a centaur warrior on level 9 of the Dungeon)

   Str:       It affects your strength (+5).
 O - a +2 quick blade of flaming
Missiles
 c - 113 stones
 n - 13 poisoned darts
 s - 5 javelins
 C - 5 boomerangs of dispersal
 H - 11 large rocks (quivered)
 L - 7 boomerangs
 T - 5 throwing nets
Armour
 f - the +1 robe of Vines (worn) {NoPotionHeal Regen++++}
   (You acquired it on level 7 of the Dungeon)

   NoPotionHeal: Its wearer cannot be healed by potions.
   Regen:     It increases your rate of health regeneration.
 z - a +1 cloak
 J - a +2 cloak (melded)
 V - a +2 robe of cold resistance
Jewellery
 g - the ring of Cuxoix (right claw) {Str+6 Dex+2 Stlth+}
   (You acquired it on level 7 of the Dungeon)

   [ring of strength]

   Str:       It affects your strength (+6).
   Dex:       It affects your dexterity (+2).
   Stlth:     It makes you more stealthy.
 r - a ring of positive energy (left claw)
 v - an amulet of the acrobat (around neck)
Talismans
 q - a beast talisman
 B - a serpent talisman
Wands
 i - a wand of acid (10)
 y - a wand of polymorph (20)
 A - a wand of flame (26)
 E - a wand of mindburst (26)
 S - a wand of iceblast (11)
Scrolls
 a - a scroll of brand weapon
 b - 3 scrolls of enchant weapon
 d - 6 scrolls of teleportation
 h - 2 scrolls of poison
 p - 4 scrolls of identify
 u - a scroll of enchant armour
 w - 2 scrolls of revelation
Potions
 e - 3 potions of heal wounds
 j - 4 potions of magic
 k - 7 potions of curing
 l - 3 potions of invisibility
 m - a potion of berserk rage
 o - 2 potions of ambrosia
 t - 2 potions of might
 F - a potion of haste
 M - a potion of cancellation
 N - 3 potions of enlightenment


   Skills:
 + Level 6.1 Fighting
 + Level 1.9 Throwing
 + Level 8.6 Dodging
 + Level 17.0 Unarmed Combat
 * Level 8.9 Shapeshifting


You had 12 spell levels left.
You didn't know any spells.
Your spell library was empty.

Dungeon Overview and Level Annotations

Branches:
Dungeon (12/15)            Temple (1/1) D:4            Lair (2/5) D:8
    Orc (0/2) D:11        Ossuary (visited)
  Swamp: Lair:2-3    Shoals: Lair:2-3     Snake: Lair:2-3    Spider: Lair:2-3

Altars:
Ashenzari
Cheibriados
Dithmenos
Elyvilon
Fedhas
Gozag
Hepliaklqana
Kikubaaqudgha
Makhleb
Nemelex Xobeh
Okawaru
Qazlal
Ru
Sif Muna
Trog
Uskayaw
Vehumet
Wu Jian
Xom
Yredelemnul
Zin
The Shining One

Shops:
D:2 !   D:6 *

Annotations:
D:11 3 runed translucent doors, knightboat's ghost, journeyman VSFi
Lair:1 1 runed translucent door, Yzulala's ghost, journeyman DsCK


Innate Abilities, Weirdness & Mutations

You are a hulking beast.
Your limbs bulge with bestial killing power. (Slay +6)
You are too large for most types of armour.
You have claws for hands.
Your natural rate of healing is unusually fast.
You are covered in fur. (AC +1)
You have tough skin. (AC +1)
You have a pair of small horns on your head.
You have sharp toenails.
You are robust. (+10% HP)


Message History

The eight-headed hydra attacks as you move away!
The eight-headed hydra bites you! x2; The eight-headed hydra misses you.
The eight-headed hydra completely misses you.
The eight-headed hydra bites you!
The eight-headed hydra barely misses you.
The eight-headed hydra misses you. The eight-headed hydra bites you!
* * * LOW HITPOINT WARNING * * *
Your skin crawls.
You feel strong-willed. The eight-headed hydra misses you.
The eight-headed hydra barely misses you.
The eight-headed hydra bites you!
* * * LOW HITPOINT WARNING * * *
The eight-headed hydra barely misses you.
The eight-headed hydra bites you!
* * * LOW HITPOINT WARNING * * *
The eight-headed hydra bites you.
* * * LOW HITPOINT WARNING * * *
The eight-headed hydra bites you.
* * * LOW HITPOINT WARNING * * *
The eight-headed hydra bites you.
* * * LOW HITPOINT WARNING * * *
You tear one of the eight-headed hydra's heads off!
The seven-headed hydra grows two more!
You eviscerate the nine-headed hydra!!! Your kick misses the nine-headed hydra.
The nine-headed hydra is heavily wounded.
You rip one of the nine-headed hydra's heads off!
The eight-headed hydra grows two more!
You mangle the ten-headed hydra!! You claw the ten-headed hydra.
The ten-headed hydra is almost dead.
The ten-headed hydra barely misses you.
The ten-headed hydra bites you but does no damage.
The ten-headed hydra barely misses you. x2; The ten-headed hydra bites you!
* * * LOW HITPOINT WARNING * * *
The ten-headed hydra bites you.
* * * LOW HITPOINT WARNING * * *
The ten-headed hydra misses you.
The ten-headed hydra completely misses you.
The ten-headed hydra barely misses you. The ten-headed hydra bites you.
You die...

..........♣♣♣♣♣§§§ ♣♣...........
............♣♣.§§♣♣♣♣......†.....
...........♣♣..(≈~~≈♣♣...........
#P#.#.#.....♣♣~~~~≈~≈♣♣...#.####.
###.##.....♣♣≈~~~~~≈≈♣....P......
###.###...♣♣...~~~~≈≈♣....†......
##..# #....♣♣..♣♣♣♣♣♣♣...........
##..###.......wP♣..#♣............
##.###........wDh...##...........
#....##.......P##..###....#......
#.>.#.........## ..# #....#......
#.............# .## #...........
#...#.........# .# .......
..............# .. #+..#.
...#........... .. .....
...#........... .. .....
..#............ .####


You could see a ten-headed hydra and 2 swamp worms.

Vanquished Creatures
  Fannar (Lair:1)
  Harold (Lair:1)
  4 centaur warriors
  A boulder beetle (D:9)
  Erica (D:11)
  A hydra (Lair:2)
  2 two-headed ogres (D:10)
  Urug (D:11)
  An oklob plant (Lair:1)
  2 cyclopes (D:9)
  An ugly thing (D:12)
  Joseph (D:9)
  2 black mambas (Lair:1)
  An unseen horror (D:11)
  4 komodo dragons
  11 cane toads
  3 rime drakes
  A kobold demonologist (D:9)
  An efreet (D:9)
  A freezing wraith (D:9)
  A hornet (D:9)
  A troll (D:9)
  2 polar bears
  10 blink frogs
  A tyrant leech (Lair:2)
  Grinder (D:6)
  Sigmund (D:5)
  8 slime creatures (D:12)
  2 shadows
  A vampire (D:10)
  3 wyverns
  A wraith (D:11)
  Eustachio (D:6)
  19 yaks
  Grum (D:9)
  4 basilisks
  2 vampire mosquitoes (D:12)
  3 steam dragons
  Edmund (D:5)
  5 water moccasins
  4 acid dragons
  An ice beast (D:5)
  7 orc warriors
  A black bear (D:4)
  An ogre (D:4)
  12 wolves
  5 centaurs
  A kobold brigand (D:9)
  10 bullfrogs
  2 elf zombies (Ossuary)
  A gnoll sergeant (D:9)
  A scorpion (D:7)
  21 wights
  17 killer bees
  An electric eel (Lair:1)
  9 howler monkeys
  A centaur zombie (Ossuary)
  4 human zombies (Ossuary)
  5 orc priests
  3 hounds
  2 jellies
  A gnoll bouda (D:9)
  Crazy Yiuf (D:6)
  A sleepcap (D:7)
  3 iguanas
  19 orc wizards
  3 mummies
  6 gnolls
  8 adders
  A shadow imp (D:6)
  5 white imps
  4 ufetubi (D:5)
  An adder zombie (Ossuary)
  4 dart slugs
  22 orcs
  9 ball pythons
  7 bats
  7 endoplasms
  A giant cockroach (D:2)
  7 goblins
  6 hobgoblins
  6 jackals (D:3)
  4 quokkas
  A frilled lizard (D:1)
  A goblin zombie (Ossuary)
  9 hobgoblin zombies (Ossuary)
  A jackal zombie (Ossuary)
  7 kobolds
  11 kobold zombies (Ossuary)
  6 orc zombies (Ossuary)
  3 rats
  A rat zombie (Ossuary)
384 creatures vanquished.

Vanquished Creatures (others)
  An orc wizard (D:9)
1 creature vanquished.

Grand Total: 385 creatures vanquished

Notes
Turn   | Place    | Note
-------+----------+-------------------------------------------
     0 | D:1      | bobarctor the Troll Berserker began the quest for the Orb.
     0 | D:1      | Reached XP level 1. HP: 22/22 MP: 0/0
   126 | D:1      | Reached XP level 2. HP: 29/29 MP: 1/1
   763 | D:2      | Reached XP level 3. HP: 36/36 MP: 2/2
  1130 | D:2      | Found Vashubeh's Distillery.
  1140 | D:2      | Bought a potion of curing for 36 gold pieces
  1186 | D:2      | Reached ** piety under Trog
  1833 | D:3      | Reached XP level 4. HP: 44/44 MP: 3/3
  1873 | D:3      | Reached skill level 4 in Unarmed Combat
  2327 | D:3      | Reached XP level 5. HP: 53/53 MP: 4/4
  2494 | D:3      | Found a faded altar of an unknown god.
  2624 | D:4      | Noticed an ogre
  2638 | D:4      | Killed an ogre
  2639 | D:4      | Reached skill level 5 in Unarmed Combat
  2753 | D:4      | Found a staircase to the Ecumenical Temple.
  2761 | D:4      | Reached XP level 6. HP: 55/61 MP: 5/5
  2768 | Temple   | Entered the Ecumenical Temple
  2800 | D:4      | Reached *** piety under Trog
  3091 | D:4      | Reached skill level 6 in Unarmed Combat
  3132 | D:5      | Entered Level 5 of the Dungeon
  3222 | D:5      | Noticed Edmund
  3230 | D:5      | Killed Edmund
  3231 | D:5      | Reached XP level 7. HP: 67/67 MP: 6/6
  3390 | D:5      | Noticed Sigmund
  3400 | D:5      | Found a broken altar of Ashenzari.
  3507 | D:5      | Killed Sigmund
  3666 | D:5      | Reached skill level 7 in Unarmed Combat
  4068 | D:6      | Found a sand-covered staircase.
  4080 | Ossuary  | Entered an ossuary
  4244 | Ossuary  | Reached **** piety under Trog
  4311 | Ossuary  | Reached XP level 8. HP: 78/78 MP: 7/7
  4330 | Ossuary  | Reached skill level 8 in Unarmed Combat
  4551 | D:6      | Found Coeh's Overcharged Wands.
  4715 | D:6      | Found a snail-covered altar of Cheibriados.
  4721 | D:6      | Found a shadowy altar of Dithmenos.
  4723 | D:6      | Noticed Eustachio
  4725 | D:6      | Found a white marble altar of Elyvilon.
  4725 | D:6      | Found a radiant altar of Vehumet.
  4756 | D:6      | Found an opulent altar of Gozag.
  4767 | D:6      | Killed Eustachio
  4805 | D:6      | Noticed Grinder
  4813 | D:6      | Killed Grinder
  4814 | D:6      | Reached skill level 5 in Dodging
  4814 | D:6      | Reached skill level 9 in Unarmed Combat
  4850 | D:6      | Found a runed translucent door.
  4851 | D:6      | Noticed Crazy Yiuf
  4856 | D:6      | Killed Crazy Yiuf
  5460 | D:7      | Identified 2 scrolls of acquirement
  5460 | D:7      | Acquired the ring of Cuxoix {Str+6 Dex+2 Stlth+}
  5613 | D:7      | Reached skill level 1 in Shapeshifting
  5613 | D:7      | Reached XP level 9. HP: 80/84 MP: 8/8
  5752 | D:7      | Found a blossoming altar of Fedhas.
  5767 | D:7      | Reached skill level 10 in Unarmed Combat
  5846 | D:7      | Acquired the +1 robe of Vines {NoPotionHeal Regen++++}
  5846 | D:7      | Found the +1 robe of Vines {NoPotionHeal Regen++++}
  5863 | D:7      | Gained mutation: Your flesh is cold resistant. (rC+)
                  | [potion of mutation]
  5863 | D:7      | Gained mutation: You have sharp toenails. [potion of
                  | mutation]
  5864 | D:7      | Lost mutation: Your flesh is cold resistant. (rC+) [potion
                  | of mutation]
  5864 | D:7      | Lost mutation: You have sharp toenails. [potion of
                  | mutation]
  5864 | D:7      | Gained mutation: You have hidden genetic potential. [potion
                  | of mutation]
  5864 | D:7      | Gained mutation: Your muscles are strong. (Str +4, Int/Dex
                  | -1) [potion of mutation]
  5865 | D:7      | Lost mutation: You have hidden genetic potential. [potion
                  | of mutation]
  5865 | D:7      | Lost mutation: Your muscles are strong. (Str +4, Int/Dex
                  | -1) [potion of mutation]
  5865 | D:7      | Gained mutation: You are dopey. (Int -2) [potion of
                  | mutation]
  5865 | D:7      | Gained mutation: You are strong-willed. (Will+) [potion of
                  | mutation]
  5866 | D:7      | Lost mutation: You are dopey. (Int -2) [potion of mutation]
  5866 | D:7      | Lost mutation: You are strong-willed. (Will+) [potion of
                  | mutation]
  5866 | D:7      | Gained mutation: You have sharp toenails. [potion of
                  | mutation]
  5866 | D:7      | Gained mutation: A frigid envelope surrounds you and
                  | freezes all who hurt you. [potion of mutation]
  6272 | D:8      | Noticed a komodo dragon
  6281 | D:8      | Killed a komodo dragon
  6282 | D:8      | Reached skill level 11 in Unarmed Combat
  6344 | D:8      | Reached XP level 10. HP: 94/94 MP: 9/9
  6386 | D:8      | Found a staircase to the Lair.
  6855 | D:9      | Reached ***** piety under Trog
  6856 | D:9      | Reached skill level 12 in Unarmed Combat
  6914 | D:9      | Noticed a cyclops
  6924 | D:9      | Reached skill level 5 in Fighting
  6942 | D:9      | Killed a cyclops
  6996 | D:9      | Noticed a boulder beetle
  7010 | D:9      | Killed a boulder beetle
  7011 | D:9      | Reached skill level 5 in Shapeshifting
  7015 | D:9      | Noticed a cyclops
  7031 | D:9      | Killed a cyclops
  7032 | D:9      | Reached skill level 13 in Unarmed Combat
  7032 | D:9      | Reached XP level 11. HP: 102/102 MP: 10/10
  7036 | D:9      | Identified the +8 mace of War {heavy, Str+5}
  7036 | D:9      | Noticed a centaur warrior
  7040 | D:9      | Killed a centaur warrior
  7101 | D:9      | Noticed Grum
  7120 | D:9      | Killed Grum
  7291 | D:9      | Identified the +0 pair of gloves "Olluan" {rPois Will+}
  7305 | D:9      | Noticed a centaur warrior
  7307 | D:9      | Killed a centaur warrior
  7396 | D:9      | Reached skill level 14 in Unarmed Combat
  7807 | D:9      | Noticed Joseph
  7810 | D:9      | Noticed a centaur warrior
  7815 | D:9      | Killed Joseph
  7821 | D:9      | Killed a centaur warrior
  7896 | D:10     | Entered Level 10 of the Dungeon
  7899 | D:10     | Noticed a two-headed ogre
  7908 | D:10     | Killed a two-headed ogre
  7909 | D:10     | Reached skill level 1 in Throwing
  7976 | D:10     | Noticed a two-headed ogre
  7979 | D:10     | Killed a two-headed ogre
  8298 | D:11     | Found a staircase to the Orcish Mines.
  8300 | D:11     | Reached XP level 12. HP: 102/111 MP: 11/11
  8303 | D:11     | Received a gift from Trog
  8319 | D:11     | Noticed knightboat's ghost (journeyman VSFi)
  8349 | D:11     | Found a runed translucent gate.
  8349 | D:11     | Found a runed translucent gate.
  8349 | D:11     | Found a runed translucent gate.
  8407 | D:11     | Noticed Urug
  8421 | D:11     | Killed Urug
  8503 | D:11     | Noticed a centaur warrior
  8624 | D:11     | Found a shimmering altar of Xom.
  8626 | D:11     | Found a shimmering altar of Xom.
  8638 | D:11     | Found a shimmering altar of Xom.
  8638 | D:11     | Found a shimmering altar of Xom.
  8643 | D:11     | Found a shimmering altar of Xom.
  8655 | D:11     | Killed a centaur warrior
  8784 | D:11     | Noticed Erica
  8799 | D:11     | Killed Erica
  8800 | D:11     | Reached skill level 15 in Unarmed Combat
  9674 | Lair:1   | Entered Level 1 of the Lair of Beasts
  9791 | Lair:1   | Noticed Fannar
  9813 | Lair:1   | Reached skill level 16 in Unarmed Combat
 10018 | Lair:1   | Lost mutation: A frigid envelope surrounds you and freezes
                  | all who hurt you. [potion of mutation]
 10018 | Lair:1   | Lost mutation: You have sharp toenails. [potion of
                  | mutation]
 10018 | Lair:1   | Gained mutation: You have sharp toenails. [potion of
                  | mutation]
 10018 | Lair:1   | Gained mutation: You are robust. (+10% HP) [potion of
                  | mutation]
 10018 | Lair:1   | Gained mutation: You have a pair of small horns on your
                  | head. [potion of mutation]
 10044 | Lair:1   | Found a shimmering altar of Xom.
 10044 | Lair:1   | Noticed Yzulala's ghost (journeyman DsCK)
 10045 | Lair:1   | Found a runed translucent door.
 10062 | Lair:1   | Noticed Harold
 10070 | Lair:1   | Killed Harold
 10071 | Lair:1   | Reached XP level 13. HP: 132/132 MP: 12/12
 10173 | Lair:1   | Killed Fannar
 10996 | Lair:2   | Received a gift from Trog
 11462 | Lair:2   | Reached skill level 17 in Unarmed Combat
 11587 | Lair:2   | HP: 6/132 [eight-headed hydra (2)]
 11589 | Lair:2   | HP: 1/132 [ten-headed hydra (3)]
 11589 | Lair:2   | Slain by a ten-headed hydra

Illustrated notes

Levels and vault maps discovered:
D:1:      dpeg_arrival_orchard, layout_basic, nrook_campfire
D:2:      layout_loops_corners, serial_shops, shop
D:3:      kennysheep_big_flooded_room, layout_basic,
          shapermc_ecumenical_altar_rom_forum
D:4:      black_bear_nest_2, layout_rooms, minmay_temple_entry_tees
D:5:      layout_gridville, nicolae_ashenzari_skybound, serial_demonic,
          serial_demonic_d, serial_demonic_g, serial_demonic_e,
          serial_demonic_d, serial_demonic_a, serial_demonic_c, uniq_sigmund,
          uniq_edmund
D:6:      layout_loops_ring, nicolae_overflow_hallway_of_the_gods,
          serial_rivers, chequers_serial_rivers_room_b,
          chequers_serial_rivers_large_b, chequers_serial_rivers_micro_b,
          chequers_serial_rivers_room_a, gup_ossuary_entry_pyramid,
          nicolae_shop_overcharged_wands, uniq_eustachio,
          uniq_crazy_yiuf_cottage, uniq_grinder
D:7:      layout_basic, mainiacjoe_overflow_concentric_impassable
D:8:      layout_rooms, erik_lair_dragon
D:9:      minmay_the_grid_octo_tiled_octocenter [minmay_the_grid_octo_odd_swirl,
          minmay_the_grid_octo_77, minmay_the_grid_octo_clover_2,
          minmay_the_grid_octo_fat_diamond, minmay_the_grid_octo_prize_big_c,
          minmay_the_grid_square_5x5_detours,
          minmay_the_grid_square_5x5_moneybag,
          minmay_the_grid_square_5x5_bridge, minmay_the_grid_square_5x5_empty],
          layout_rooms, minmay_misc_feat_enclosed, uniq_grum, uniq_joseph
D:10:     layout_gridville, st_stairs_2
D:11:     layout_rooms, orc_0_dummy, gammafunk_ghost_icy, xom_shifter_show,
          uniq_urug, uniq_erica
D:12:     layout_loops_cross
Temple:   regret_index_temple_generic_petals
Lair:1:   layout_regular_city, ebering_ghost_xom, dpeg_stationary_puzzle,
          grunt_megastairs_2, infiniplex_staircase_pool, lemuel_fruit_fields,
          uniq_harold, uniq_fannar
Lair:2:   layout_regular_city, palyth_hydra_swamp_entry, grunt_megastairs_4,
          infiniplex_staircase_pool_2

Skill      XL: |  1  2  3  4  5  6  7  8  9 10 11 12 13 |
---------------+----------------------------------------+-----
Dodging        | 3 4 5 6 7 8 |  8.6
Unarmed Combat | 4 5 6 7 9 11 13 14 16 17 | 17.0
Fighting       | 3 4 5 6 |  6.1
Shapeshifting  | 1 3 5 6 8 |  8.9
Throwing       | 1 |  1.9

Action                     |  1- 3 |  4- 6 |  7- 9 | 10-12 | 13-15 || total
---------------------------+-------+-------+-------+-------+-------++-------
  Melee: Unarmed           |    96 |   100 |   286 |   319 |    76 ||   877
         Punch             |       |     2 |     7 |    19 |     6 ||    34
         Kick              |       |       |    11 |    94 |    20 ||   125
         Headbutt          |       |       |       |       |    11 ||    11
  Throw: Javelin           |       |     1 |       |       |       ||     1
         Stone             |       |       |    16 |       |       ||    16
         Large rock        |       |       |       |     8 |     6 ||    14
 Invoke: Berserk           |       |     1 |     8 |    10 |     3 ||    22
         Trog's Hand       |       |       |       |     9 |     1 ||    10
         Brothers in Arms  |       |       |       |     1 |       ||     1
    Use: Scroll            |       |       |    23 |     4 |     1 ||    28
         Potion            |       |       |     4 |     1 |       ||     5
   Stab: Sleeping          |     1 |     1 |     3 |     3 |     3 ||    11
         Distracted        |       |       |       |     2 |       ||     2
 Armour: Animal skin       |    31 |    21 |    49 |       |       ||   101
         Robe              |       |       |    12 |    29 |    10 ||    51
  Dodge: Dodged            |    35 |    48 |   155 |   215 |    73 ||   526
   Form: Beast             |       |       |       |     1 |     1 ||     2
                           |       |       |       |       |     1 ||     1

Table legend: (Time is in decaauts)
 A = Elapsed time spent in this place.
 B = Non-inter-level travel time spent in this place.
 C = Inter-level travel time spent in this place.
 D = Time resting spent in this place.
 E = Time spent auto-exploring this place.
 F = Levels seen in this place.
 G = Mean time per level.
                   A        B        C        D        E       F      G
               +--------+--------+--------+--------+--------+-----+--------+
         Total |  11650 |  11108 |    542 |   1086 |   7356 |  16 |  728.1 |
       Dungeon |   9309 |   8837 |    472 |    785 |   6064 |  12 |  775.8 |
        Temple |      4 |      4 |      0 |      0 |      0 |   1 |    4.0 |
          Lair |   1928 |   1858 |     70 |    255 |   1186 |   2 |  964.0 |
       Ossuary |    408 |    408 |      0 |     45 |    106 |   1 |  408.0 |
               +--------+--------+--------+--------+--------+-----+--------+

Top non-repeatable levels by time:
  Lair:1: 1206 daAuts
     D:9: 1192 daAuts
     D:6: 959 daAuts
     D:2: 956 daAuts
     D:5: 935 daAuts
     D:3: 909 daAuts
     D:8: 841 daAuts
  Lair:2: 721 daAuts
     D:1: 707 daAuts
    D:12: 692 daAuts
     D:7: 593 daAuts
    D:11: 565 daAuts
     D:4: 540 daAuts
    D:10: 415 daAuts
 Ossuary: 408 daAuts
